 Dungeon Crawl Stone Soup version 0.29.0-4-gdea44cf6ec (webtiles) character file.

Game seed: 11243252344053540639

26067 qw the Brawler (level 12, -7/120 HPs)
             Began as a Troll Cinder Acolyte on Sept 1, 2022.
             Was an Initiate of Okawaru.
             Mangled by a ten-headed hydra (8 damage)
             ... on level 4 of the Lair of Beasts.
             The game lasted 00:07:50 (11020 turns).

qw the Brawler (Troll Cinder Acolyte)              Turns: 11020, Time: 00:07:50

Health: -7/120     AC: 13    Str: 28    XL:     12   Next: 95%
Magic:  12/12      EV: 13    Int: 14    God:    Okawaru [......]
Gold:   544        SH:  5    Dex:  4    Spells: 13/13 levels left

rFire   . . .      SeeInvis .     - Unarmed
rCold   . . .      Faith    .   (no shield)
rNeg    . . .      Spirit   .   t - +1 steam dragon scales
rPois   .          Reflect  +   (helmet restricted)
rElec   .          Harm     .   j - +0 cloak
rCorr   .          Rampage  .   (gloves unavailable)
Will    .....                   (boots unavailable)
Stlth   +.........              i - amulet of reflection
HPRegen 1.10/turn               g - +4 ring of evasion
MPRegen 0.13/turn               k - +4 ring of protection

@: about to teleport, fire susceptible
A: large, unfitting armour, claws 3, regeneration 1, shaggy fur 1, tough skin 1,
antennae 1, clever 1
a: Renounce Religion


You were on level 4 of the Lair of Beasts.
You worshipped Okawaru.
Okawaru was noncommittal.
You visited 2 branches of the dungeon, and saw 13 of its levels.

You collected 584 gold pieces.
You spent 40 gold pieces at shops.


Innate Abilities, Weirdness & Mutations

You are too large for most types of armour.
You have claws for hands.
Your natural rate of healing is unusually fast.
You are covered in fur. (AC +1)
You have tough skin. (AC +1)
You have a pair of small antennae on your head.
Your mind is acute. (Int +4, Str/Dex -1)


   Skills:
 + Level 8.3 Fighting
 - Level 2.1 Throwing
 - Level 3.2 Armour
 - Level 1.3 Dodging
 - Level 19.0 Unarmed Combat
 - Level 1.0 Spellcasting
 - Level 2.1 Fire Magic


You had 13 spell levels left.
You didn't know any spells.
Your spell library contained the following spells:

 Spells                   Type           Power      Damage    Failure   Level
 Scorch                   Fire           12%        2d6       16%         2

Inventory:

Missiles
 v - 7 boomerangs (quivered)
Armour
 j - a +0 cloak (worn)
 t - +1 steam dragon scales (worn)
Jewellery
 g - a +4 ring of evasion (left claw)
 i - an amulet of reflection (around neck)
 k - a +4 ring of protection (right claw)
Wands
 p - a wand of digging (2)
Scrolls
 a - 3 scrolls of enchant weapon
 n - 2 scrolls of identify
Potions
 c - a potion of resistance
 e - 2 potions of haste
 f - 2 potions of might
 l - a potion of cancellation
 m - 7 potions of curing
 o - 3 potions of mutation
 s - a potion of heal wounds

Dungeon Overview and Level Annotations

Branches:
Dungeon (9/15)             Temple (0/1) D:6            Lair (4/5) D:9
 Shoals (0/4) Lair:3        Snake (0/4) Lair:2
  Slime: Lair:4-5       Orc: D:9-12

Altars:
Ashenzari
Cheibriados
Hepliaklqana
Kikubaaqudgha
Makhleb
Okawaru
Sif Muna
Uskayaw
Zin

Shops:
D:2 !   D:3 =

Annotations:
D:4 1 runed translucent door, qw's ghost, amateur TeWr
D:7 3 runed translucent doors, qw's ghost, novice TrCA


Message History

You hear a bleat!
The dream sheep ruffles its wool and motes of dream dust sparkle, to no effect.
The eight-headed hydra bites you!
The eight-headed hydra bites you but does no damage. x3
The eight-headed hydra bites you. The eight-headed hydra bites you!
The eight-headed hydra barely misses you.
The eight-headed hydra bites you!
You tear one of the eight-headed hydra's heads off!
The seven-headed hydra grows two more!
You eviscerate the nine-headed hydra!!!
The nine-headed hydra is almost dead.
A dream sheep comes into view.
11017 ||| Stepping ~*~*~tactically~*~*~ (outnumbered).
The yak attacks as you move away! The yak gores you.
You claw one of the nine-headed hydra's heads off!
The eight-headed hydra grows two more!
You claw the ten-headed hydra!
The ten-headed hydra is almost dead.
The ten-headed hydra barely misses you. The ten-headed hydra bites you!
The ten-headed hydra bites you but does no damage. x2
The ten-headed hydra misses you.
You block the ten-headed hydra's attack.
The ten-headed hydra closely misses you.
The ten-headed hydra misses you. The ten-headed hydra barely misses you.
The ten-headed hydra completely misses you.
11019 ||| READING scroll of teleportation.
As you read the scroll of teleportation, it crumbles to dust.
You feel strangely unstable.
You block the ten-headed hydra's attack.
The ten-headed hydra bites you but does no damage.
The ten-headed hydra closely misses you. x2
The ten-headed hydra bites you! The ten-headed hydra bites you.
The ten-headed hydra bites you but does no damage.
The ten-headed hydra closely misses you.
The ten-headed hydra bites you! The ten-headed hydra bites you.
11020 ||| DRINKING 2 potions of heal wounds.
You feel much better.
The ten-headed hydra bites you but does no damage.
The ten-headed hydra bites you! The ten-headed hydra bites you.
The ten-headed hydra bites you but does no damage. x2
The ten-headed hydra bites you. x3; The ten-headed hydra bites you!
You die...

### ####P# #.#..# ##...## ###
###.<...#####@########### #
##.........#.##D#..#...#.#
###............%.YY%.YY.Y..#
...##........###...##.#....####
...#.#.....###
###########.#P.#.P
............# ##.......P
............# #...##.##.
.........#..# ##...# #
.####.#.......# #........##


You could see a ten-headed hydra and 2 yaks.

Vanquished Creatures
  Rupert (Lair:3)
  Snorg (Lair:4)
  A hydra (Lair:3)
  A two-headed ogre (D:9)
  A boulder beetle (Lair:2)
  An ice dragon (Lair:4)
  Pikel (D:5)
  7 elephants
  7 black mambas
  An orange demon (Lair:3)
  Maggie (D:8)
  7 cane toads
  2 rime drakes
  A komodo dragon (Lair:3)
  A troll (D:9)
  4 merfolk (Lair:3)
  4 blink frogs (Lair:3)
  Sigmund (D:4)
  A vampire (D:9)
  2 wyverns (D:9)
  10 yaks
  3 hogs (Lair:3)
  2 basilisks
  2 nagas (Lair:2)
  An acid dragon (D:9)
  Duvessa (D:5)
  9 water moccasins
  3 orc warriors
  2 ice beasts
  3 black bears
  A hornet zombie (D:8)
  2 ogres
  16 wolves
  A centaur (D:9)
  2 lemures (D:5)
  15 bullfrogs
  A gnoll sergeant (D:9)
  A wyvern zombie (D:8)
  4 necrophages
  2 scorpions (D:4)
  11 wights
  Dowan (D:5)
  12 killer bees
  4 electric eels (Lair:3)
  7 howler monkeys
  2 lava snakes (Lair:3)
  2 centaur zombies (D:8)
  A human zombie (D:8)
  2 jellies
  6 orc priests
  4 hounds
  11 orc wizards
  7 iguanas
  Natasha (thrice) (D:4)
  A killer bee zombie (D:8)
  A mummy (D:8)
  2 howler monkey zombies (D:8)
  5 gnolls (D:9)
  7 adders
  2 shadow imps
  3 white imps (Lair:4)
  3 worms (D:2)
  5 dart slugs
  38 orcs
  5 bats
  5 endoplasms (D:1)
  A giant cockroach (D:2)
  10 hobgoblins
  9 kobolds
  4 quokkas
  4 ball pythons
  7 frilled lizards
  11 goblins
  3 rats (D:2)
326 creatures vanquished.

Vanquished Creatures (others)
  Kirke (Lair:3)
  2 humans (Lair:3)
  16 fungi
  13 plants
32 creatures vanquished.

Grand Total: 358 creatures vanquished

Notes
Turn   | Place    | Note
-------+----------+-------------------------------------------
     0 | D:1      | qw the Troll Cinder Acolyte began the quest for the Orb.
     0 | D:1      | Reached XP level 1. HP: 22/22 MP: 1/1
     0 | D:1      | 0 ||| qw: Version: 0.1-a-97-g2dd2ca4
     0 | D:1      | 0 ||| qw: Game counter: 4837
     0 | D:1      | 0 ||| qw: Always use a shield: true
     0 | D:1      | 0 ||| qw: God list: Okawaru
     0 | D:1      | 0 ||| qw: Allow faded altars: false
     0 | D:1      | 0 ||| qw: Do Orc after D:15 true
     0 | D:1      | 0 ||| qw: Do second Lair branch before Depths: true
     0 | D:1      | 0 ||| qw: Lair rune preference: random
     0 | D:1      | 0 ||| qw: Plans: Normal
     0 | D:1      | 0 ||| PLANNING D:1-11
    27 | D:1      | 27 ||| Stepping ~*~*~tactically~*~*~ (stealth).
    34 | D:1      | 34 ||| Stepping ~*~*~tactically~*~*~ (stealth).
    53 | D:1      | 53 ||| Stepping ~*~*~tactically~*~*~ (stealth).
    75 | D:1      | Reached XP level 2. HP: 28/29 MP: 2/2
    83 | D:1      | 83 ||| Stepping ~*~*~tactically~*~*~ (stealth).
    87 | D:1      | 87 ||| Stepping ~*~*~tactically~*~*~ (stealth).
    90 | D:1      | 90 ||| Stepping ~*~*~tactically~*~*~ (stealth).
    93 | D:1      | 93 ||| Stepping ~*~*~tactically~*~*~ (stealth).
   140 | D:1      | 140 ||| Stepping ~*~*~tactically~*~*~ (stealth).
   141 | D:1      | 141 ||| Stepping ~*~*~tactically~*~*~ (stealth).
   164 | D:1      | Reached skill level 4 in Unarmed Combat
   306 | D:1      | Reached XP level 3. HP: 36/36 MP: 3/3
   548 | D:1      | 548 ||| DROPPING orb of light.
   549 | D:1      | 549 ||| READING scroll labelled NAP QOICWEURCH.
   579 | D:2      | 579 ||| Stepping ~*~*~tactically~*~*~ (stealth).
   591 | D:2      | Found Nagruinn's Distillery.
   606 | D:2      | 606 ||| Stepping ~*~*~tactically~*~*~ (stealth).
   614 | D:2      | 614 ||| SHOPLISTING potion of haste (100 gold, have 41).
   614 | D:2      | 614 ||| BUYING potion of might (40 gold).
   614 | D:2      | Bought a potion of might for 40 gold pieces
   614 | D:2      | 614 ||| SHOPLISTING potion of might (40 gold, have 1).
   806 | D:2      | 806 ||| Stepping ~*~*~tactically~*~*~ (stealth).
   816 | D:2      | Reached skill level 5 in Unarmed Combat
   816 | D:2      | Reached XP level 4. HP: 41/44 MP: 4/4
  1251 | D:2      | 1251 ||| UPGRADING to +0 cloak.
  1256 | D:2      | 1256 ||| UPGRADING to ring of positive energy.
  1257 | D:2      | 1257 ||| UPGRADING to +4 ring of protection.
  1258 | D:2      | 1258 ||| READING scroll labelled WOUCWOR MAEREF.
  1259 | D:2      | 1259 ||| READING scroll labelled GILA CAHEE.
  1326 | D:3      | 1326 ||| Stepping ~*~*~tactically~*~*~ (outnumbered).
  1327 | D:3      | 1327 ||| Stepping ~*~*~tactically~*~*~ (outnumbered).
  1328 | D:3      | 1328 ||| Stepping ~*~*~tactically~*~*~ (outnumbered).
  1329 | D:3      | 1329 ||| Stepping ~*~*~tactically~*~*~ (outnumbered).
  1355 | D:3      | 1355 ||| INVOKING Fiery Armour.
  1358 | D:3      | Reached XP level 5. HP: 23/50 MP: 5/5
  1477 | D:3      | Reached skill level 6 in Unarmed Combat
  1521 | D:3      | Found a hide-covered altar of Uskayaw.
  1521 | D:3      | Found a burning altar of Makhleb.
  1541 | D:3      | 1541 ||| Stepping ~*~*~tactically~*~*~ (outnumbered).
  1542 | D:3      | 1542 ||| Stepping ~*~*~tactically~*~*~ (outnumbered).
  1566 | D:3      | 1566 ||| Stepping ~*~*~tactically~*~*~ (hiding).
  1568 | D:3      | 1568 ||| Stepping ~*~*~tactically~*~*~ (hiding).
  1697 | D:3      | Found Biut's Jewellery Boutique.
  1715 | D:3      | 1715 ||| SHOPLISTING ring of protection from fire (325
                  | gold, have 83).
  1766 | D:3      | 1766 ||| Stepping ~*~*~tactically~*~*~ (stealth).
  1771 | D:3      | 1771 ||| Stepping ~*~*~tactically~*~*~ (stealth).
  1857 | D:3      | Found a hazy altar of Hepliaklqana.
  2042 | D:3      | Found an iron altar of Okawaru.
  2096 | D:3      | 2096 ||| UPGRADING to amulet of reflection.
  2101 | D:3      | 2101 ||| DROPPING ring of ice.
  2102 | D:3      | 2102 ||| UPGRADING to +4 ring of evasion.
  2104 | D:3      | 2104 ||| DROPPING ring of positive energy.
  2105 | D:3      | 2105 ||| READING 2 scrolls labelled HAINEPSANA.
  2189 | D:4      | Reached XP level 6. HP: 54/59 MP: 6/6
  2235 | D:4      | Reached skill level 7 in Unarmed Combat
  2239 | D:4      | 2239 ||| Stepping ~*~*~tactically~*~*~ (stealth).
  2248 | D:4      | 2248 ||| Stepping ~*~*~tactically~*~*~ (stealth).
  2273 | D:4      | Found a broken altar of Ashenzari.
  2300 | D:4      | 2300 ||| Stepping ~*~*~tactically~*~*~ (stealth).
  2388 | D:4      | Noticed Sigmund
  2389 | D:4      | 2389 ||| Stepping ~*~*~tactically~*~*~ (hiding).
  2401 | D:4      | Killed Sigmund
  2402 | D:4      | Reached skill level 8 in Unarmed Combat
  2402 | D:4      | Reached XP level 7. HP: 66/66 MP: 7/7
  2406 | D:4      | Noticed Natasha
  2414 | D:4      | Killed Natasha
  2436 | D:4      | Found a runed translucent door.
  2438 | D:4      | Noticed qw's ghost (amateur TeWr)
  2467 | D:4      | Noticed Natasha
  2468 | D:4      | 2468 ||| Stepping ~*~*~tactically~*~*~ (stealth).
  2612 | D:4      | 2612 ||| Stepping ~*~*~tactically~*~*~ (hiding).
  2614 | D:4      | 2614 ||| Stepping ~*~*~tactically~*~*~ (hiding).
  2617 | D:4      | Killed Natasha
  2618 | D:4      | Reached skill level 3 in Fighting
  2729 | D:4      | Noticed Natasha
  2730 | D:4      | 2730 ||| Stepping ~*~*~tactically~*~*~ (stealth).
  2731 | D:4      | 2731 ||| Stepping ~*~*~tactically~*~*~ (stealth).
  2733 | D:4      | 2733 ||| Stepping ~*~*~tactically~*~*~ (hiding).
  2735 | D:4      | 2735 ||| Stepping ~*~*~tactically~*~*~ (hiding).
  2738 | D:4      | 2738 ||| Stepping ~*~*~tactically~*~*~ (hiding).
  2739 | D:4      | 2739 ||| Stepping ~*~*~tactically~*~*~ (hiding).
  2740 | D:4      | 2740 ||| Stepping ~*~*~tactically~*~*~ (hiding).
  2743 | D:4      | Killed Natasha
  2868 | D:4      | 2868 ||| UPGRADING to +2 robe.
  2878 | D:4      | 2878 ||| DROPPING +0 robe.
  2879 | D:4      | 2879 ||| DROPPING ring of see invisible.
  2880 | D:4      | 2880 ||| READING scroll labelled CITOHA HOGOOBB.
  2881 | D:4      | 2881 ||| DRINKING 2 inky potions.
  2882 | D:4      | 2882 ||| READING 2 scrolls of identify.
  2882 | D:4      | 2882 ||| IDENTIFYING lumpy black potion
  2883 | D:4      | 2883 ||| DROPPING potion of lignification.
  2902 | D:5      | Entered Level 5 of the Dungeon
  2911 | D:5      | Reached skill level 9 in Unarmed Combat
  2933 | D:5      | Found a shimmering blue altar of Sif Muna.
  2934 | D:5      | 2934 ||| Stepping ~*~*~tactically~*~*~ (hiding).
  2937 | D:5      | 2937 ||| INVOKING Fiery Armour.
  2942 | D:5      | Reached skill level 1 in Dodging
  2986 | D:5      | Noticed Pikel
  2997 | D:5      | 2997 ||| Stepping ~*~*~tactically~*~*~ (outnumbered).
  2998 | D:5      | 2998 ||| Stepping ~*~*~tactically~*~*~ (outnumbered).
  2999 | D:5      | 2999 ||| Stepping ~*~*~tactically~*~*~ (outnumbered).
  3000 | D:5      | 3000 ||| Stepping ~*~*~tactically~*~*~ (outnumbered).
  3001 | D:5      | 3001 ||| Stepping ~*~*~tactically~*~*~ (outnumbered).
  3002 | D:5      | 3002 ||| Stepping ~*~*~tactically~*~*~ (outnumbered).
  3003 | D:5      | 3003 ||| Stepping ~*~*~tactically~*~*~ (outnumbered).
  3004 | D:5      | 3004 ||| Stepping ~*~*~tactically~*~*~ (outnumbered).
  3005 | D:5      | 3005 ||| Stepping ~*~*~tactically~*~*~ (outnumbered).
  3009 | D:5      | 3009 ||| Stepping ~*~*~tactically~*~*~ (outnumbered).
  3017 | D:5      | Killed Pikel
  3018 | D:5      | Reached skill level 10 in Unarmed Combat
  3018 | D:5      | Reached XP level 8. HP: 75/75 MP: 8/8
  3042 | D:5      | 3042 ||| Stepping ~*~*~tactically~*~*~ (stealth).
  3337 | D:5      | 3337 ||| Stepping ~*~*~tactically~*~*~ (hiding).
  3356 | D:5      | Noticed Duvessa
  3357 | D:5      | 3357 ||| Stepping ~*~*~tactically~*~*~ (stealth).
  3358 | D:5      | Noticed Dowan
  3359 | D:5      | 3359 ||| INVOKING Fiery Armour.
  3370 | D:5      | Killed Duvessa
  3371 | D:5      | Killed Dowan
  3387 | D:5      | 3387 ||| Stepping ~*~*~tactically~*~*~ (outnumbered).
  3388 | D:5      | Reached skill level 11 in Unarmed Combat
  3388 | D:5      | 3388 ||| Stepping ~*~*~tactically~*~*~ (outnumbered).
  3389 | D:5      | 3389 ||| Stepping ~*~*~tactically~*~*~ (outnumbered).
  3575 | D:5      | Found a glowing silver altar of Zin.
  3575 | D:5      | Noticed an angel
  3630 | D:5      | 3630 ||| READING scroll labelled LEENOSCHERGH.
  3631 | D:5      | 3631 ||| READING 2 scrolls of identify.
  3631 | D:5      | 3631 ||| IDENTIFYING green potion
  3632 | D:5      | 3632 ||| DROPPING potion of magic.
  3694 | D:6      | Found a staircase to the Ecumenical Temple.
  3741 | D:6      | Identified the +6 dagger of Exquisite Torment {elec, +Blink
                  | rPois Dex+3}
  3789 | D:6      | Reached XP level 9. HP: 84/84 MP: 9/9
  3991 | D:6      | 3991 ||| INVOKING Fiery Armour.
  3994 | D:6      | 3994 ||| Stepping ~*~*~tactically~*~*~ (outnumbered).
  3995 | D:6      | 3995 ||| Stepping ~*~*~tactically~*~*~ (outnumbered).
  3996 | D:6      | 3996 ||| Stepping ~*~*~tactically~*~*~ (outnumbered).
  3997 | D:6      | 3997 ||| Stepping ~*~*~tactically~*~*~ (outnumbered).
  3998 | D:6      | 3998 ||| Stepping ~*~*~tactically~*~*~ (outnumbered).
  3999 | D:6      | 3999 ||| Stepping ~*~*~tactically~*~*~ (outnumbered).
  4006 | D:6      | 4006 ||| Stepping ~*~*~tactically~*~*~ (outnumbered).
  4007 | D:6      | Reached skill level 12 in Unarmed Combat
  4008 | D:6      | 4008 ||| Stepping ~*~*~tactically~*~*~ (outnumbered).
  4015 | D:6      | 4015 ||| Stepping ~*~*~tactically~*~*~ (outnumbered).
  4016 | D:6      | 4016 ||| Stepping ~*~*~tactically~*~*~ (outnumbered).
  4017 | D:6      | 4017 ||| Stepping ~*~*~tactically~*~*~ (outnumbered).
  4018 | D:6      | 4018 ||| Stepping ~*~*~tactically~*~*~ (outnumbered).
  4019 | D:6      | 4019 ||| Stepping ~*~*~tactically~*~*~ (outnumbered).
  4020 | D:6      | 4020 ||| Stepping ~*~*~tactically~*~*~ (outnumbered).
  4021 | D:6      | 4021 ||| Stepping ~*~*~tactically~*~*~ (outnumbered).
  4022 | D:6      | 4022 ||| Stepping ~*~*~tactically~*~*~ (outnumbered).
  4258 | D:6      | 4258 ||| DRINKING 2 grey potions.
  4258 | D:6      | Gained mutation: You have a pair of small antennae on your
                  | head. [potion of mutation]
  4258 | D:6      | Gained mutation: Your mind is acute. (Int +4, Str/Dex -1)
                  | [potion of mutation]
  4304 | D:7      | 4304 ||| Stepping ~*~*~tactically~*~*~ (outnumbered).
  4305 | D:7      | 4305 ||| Stepping ~*~*~tactically~*~*~ (outnumbered).
  4385 | D:7      | Found a runed translucent gate.
  4386 | D:7      | Found a runed translucent gate.
  4388 | D:7      | Found a runed translucent gate.
  4448 | D:7      | Noticed qw's ghost (novice TrCA)
  4796 | D:7      | 4796 ||| Stepping ~*~*~tactically~*~*~ (stealth).
  4798 | D:7      | Found a flagged portal.
  4936 | D:7      | 4936 ||| Stepping ~*~*~tactically~*~*~ (hiding).
  4944 | D:7      | Reached skill level 1 in Throwing
  5195 | D:7      | 5195 ||| DROPPING amulet of magic regeneration.
  5196 | D:7      | 5196 ||| READING scroll labelled YSOEDA ZOMI UFOS.
  5262 | D:8      | Noticed Maggie
  5271 | D:8      | 5271 ||| INVOKING Fiery Armour.
  5273 | D:8      | Killed Maggie
  5450 | D:8      | Found an ancient bone altar of Kikubaaqudgha.
  5469 | D:8      | Reached skill level 13 in Unarmed Combat
  5489 | D:8      | Reached skill level 1 in Armour
  5571 | D:8      | 5571 ||| Stepping ~*~*~tactically~*~*~ (hiding).
  5582 | D:8      | Reached XP level 10. HP: 94/96 MP: 10/10
  5637 | D:8      | 5637 ||| Stepping ~*~*~tactically~*~*~ (stealth).
  5649 | D:8      | 5649 ||| Stepping ~*~*~tactically~*~*~ (outnumbered).
  5711 | D:8      | 5711 ||| Stepping ~*~*~tactically~*~*~ (stealth).
  5712 | D:8      | 5712 ||| Stepping ~*~*~tactically~*~*~ (stealth).
  5714 | D:8      | 5714 ||| DRINKING 3 potions of curing.
  5714 | D:8      | 5714 ||| (to cure confusion)
  5729 | D:8      | 5729 ||| Stepping ~*~*~tactically~*~*~ (stealth).
  5731 | D:8      | 5731 ||| Stepping ~*~*~tactically~*~*~ (hiding).
  5739 | D:8      | 5739 ||| Stepping ~*~*~tactically~*~*~ (outnumbered).
  5777 | D:8      | 5777 ||| Stepping ~*~*~tactically~*~*~ (stealth).
  5782 | D:8      | 5782 ||| Stepping ~*~*~tactically~*~*~ (hiding).
  5789 | D:8      | 5789 ||| Stepping ~*~*~tactically~*~*~ (stealth).
  5844 | D:8      | 5844 ||| Stepping ~*~*~tactically~*~*~ (stealth).
  5850 | D:8      | 5850 ||| Stepping ~*~*~tactically~*~*~ (stealth).
  5881 | D:8      | 5881 ||| Stepping ~*~*~tactically~*~*~ (hiding).
  6133 | D:8      | 6133 ||| UPGRADING to +1 steam dragon scales.
  6143 | D:8      | 6143 ||| DROPPING +2 robe.
  6241 | D:9      | 6241 ||| Stepping ~*~*~tactically~*~*~ (stealth).
  6247 | D:9      | 6247 ||| INVOKING Fiery Armour.
  6301 | D:9      | 6301 ||| Stepping ~*~*~tactically~*~*~ (hiding).
  6302 | D:9      | 6302 ||| Stepping ~*~*~tactically~*~*~ (hiding).
  6307 | D:9      | 6307 ||| Stepping ~*~*~tactically~*~*~ (outnumbered).
  6310 | D:9      | 6310 ||| Stepping ~*~*~tactically~*~*~ (outnumbered).
  6311 | D:9      | 6311 ||| Stepping ~*~*~tactically~*~*~ (outnumbered).
  6314 | D:9      | 6314 ||| Stepping ~*~*~tactically~*~*~ (outnumbered).
  6362 | D:9      | Noticed an elephant
  6368 | D:9      | Reached skill level 14 in Unarmed Combat
  6372 | D:9      | Killed an elephant
  6390 | D:9      | 6390 ||| Stepping ~*~*~tactically~*~*~ (hiding).
  6404 | D:9      | 6404 ||| Stepping ~*~*~tactically~*~*~ (outnumbered).
  6405 | D:9      | 6405 ||| Stepping ~*~*~tactically~*~*~ (outnumbered).
  6406 | D:9      | 6406 ||| Stepping ~*~*~tactically~*~*~ (outnumbered).
  6407 | D:9      | 6407 ||| Stepping ~*~*~tactically~*~*~ (outnumbered).
  6408 | D:9      | 6408 ||| Stepping ~*~*~tactically~*~*~ (outnumbered).
  6409 | D:9      | 6409 ||| Stepping ~*~*~tactically~*~*~ (outnumbered).
  6410 | D:9      | 6410 ||| Stepping ~*~*~tactically~*~*~ (outnumbered).
  6411 | D:9      | 6411 ||| Stepping ~*~*~tactically~*~*~ (outnumbered).
  6412 | D:9      | 6412 ||| Stepping ~*~*~tactically~*~*~ (outnumbered).
  6413 | D:9      | 6413 ||| Stepping ~*~*~tactically~*~*~ (outnumbered).
  6430 | D:9      | 6430 ||| Stepping ~*~*~tactically~*~*~ (hiding).
  6449 | D:9      | 6449 ||| Stepping ~*~*~tactically~*~*~ (outnumbered).
  6451 | D:9      | 6451 ||| Stepping ~*~*~tactically~*~*~ (outnumbered).
  6452 | D:9      | 6452 ||| Stepping ~*~*~tactically~*~*~ (outnumbered).
  6464 | D:9      | Reached skill level 6 in Fighting
  6482 | D:9      | Noticed a two-headed ogre
  6490 | D:9      | Killed a two-headed ogre
  6566 | D:9      | Found a staircase to the Lair.
  6576 | D:9      | 6576 ||| Stepping ~*~*~tactically~*~*~ (stealth).
  6602 | D:9      | 6602 ||| Stepping ~*~*~tactically~*~*~ (stealth).
  6650 | D:9      | 6650 ||| Stepping ~*~*~tactically~*~*~ (stealth).
  6739 | D:9      | Found a snail-covered altar of Cheibriados.
  6903 | D:9      | Reached skill level 15 in Unarmed Combat
  6912 | D:9      | 6912 ||| PLANNING LAIR
  6912 | D:9      | 6912 ||| DRINKING 2 sapphire potions.
  6913 | D:9      | 6913 ||| READING 2 scrolls of identify.
  6913 | D:9      | 6913 ||| IDENTIFYING fuming silvery potion
  6914 | D:9      | 6914 ||| DROPPING potion of attraction.
  6938 | Lair:1   | Entered Level 1 of the Lair of Beasts
  6956 | Lair:1   | Noticed a cane toad
  6969 | Lair:1   | Killed a cane toad
  6970 | Lair:1   | Reached XP level 11. HP: 80/105 MP: 11/11
  7222 | Lair:1   | 7222 ||| Stepping ~*~*~tactically~*~*~ (outnumbered).
  7223 | Lair:1   | 7223 ||| Stepping ~*~*~tactically~*~*~ (outnumbered).
  7224 | Lair:1   | 7224 ||| Stepping ~*~*~tactically~*~*~ (outnumbered).
  7225 | Lair:1   | 7225 ||| Stepping ~*~*~tactically~*~*~ (outnumbered).
  7226 | Lair:1   | 7226 ||| Stepping ~*~*~tactically~*~*~ (outnumbered).
  7227 | Lair:1   | 7227 ||| Stepping ~*~*~tactically~*~*~ (outnumbered).
  7228 | Lair:1   | 7228 ||| Stepping ~*~*~tactically~*~*~ (outnumbered).
  7229 | Lair:1   | 7229 ||| Stepping ~*~*~tactically~*~*~ (outnumbered).
  7230 | Lair:1   | 7230 ||| Stepping ~*~*~tactically~*~*~ (outnumbered).
  7235 | Lair:1   | 7235 ||| Stepping ~*~*~tactically~*~*~ (outnumbered).
  7236 | Lair:1   | 7236 ||| Stepping ~*~*~tactically~*~*~ (outnumbered).
  7240 | Lair:1   | 7240 ||| Stepping ~*~*~tactically~*~*~ (outnumbered).
  7598 | Lair:1   | 7598 ||| READING scroll labelled WIRUOBL CODA.
  7599 | Lair:1   | 7599 ||| READING 2 scrolls of identify.
  7599 | Lair:1   | 7599 ||| IDENTIFYING viscous orange potion
  7600 | Lair:1   | 7600 ||| Stepping randomly (stuck).
  7601 | Lair:1   | 7601 ||| Stepping ~*~*~tactically~*~*~ (cloud).
  7669 | Lair:2   | Reached skill level 16 in Unarmed Combat
  7888 | Lair:2   | Noticed a boulder beetle
  7889 | Lair:2   | 7889 ||| INVOKING Fiery Armour.
  7911 | Lair:2   | Killed a boulder beetle
  8159 | Lair:2   | Found a staircase to the Snake Pit.
  8314 | Lair:2   | Found a glowing silver altar of Zin.
  8512 | Lair:2   | 8512 ||| READING scroll labelled WEUTHE TUMOGGU.
  8513 | Lair:2   | 8513 ||| READING scroll labelled GELUDW POPH.
  8514 | Lair:2   | 8514 ||| READING 4 scrolls of identify.
  8514 | Lair:2   | 8514 ||| IDENTIFYING golden potion
  8515 | Lair:2   | 8515 ||| READING 3 scrolls of identify.
  8515 | Lair:2   | 8515 ||| IDENTIFYING lumpy purple potion
  8516 | Lair:2   | 8516 ||| READING 2 scrolls of identify.
  8516 | Lair:2   | 8516 ||| IDENTIFYING fizzy orange potion
  8517 | Lair:2   | 8517 ||| DROPPING potion of ambrosia.
  8518 | Lair:2   | 8518 ||| DROPPING potion of degeneration.
  8586 | Lair:3   | 8586 ||| INVOKING Fiery Armour.
  8588 | Lair:3   | 8588 ||| Stepping ~*~*~tactically~*~*~ (outnumbered).
  8589 | Lair:3   | 8589 ||| Stepping ~*~*~tactically~*~*~ (outnumbered).
  8590 | Lair:3   | 8590 ||| Stepping ~*~*~tactically~*~*~ (outnumbered).
  8591 | Lair:3   | 8591 ||| Stepping ~*~*~tactically~*~*~ (outnumbered).
  8592 | Lair:3   | 8592 ||| Stepping ~*~*~tactically~*~*~ (outnumbered).
  8593 | Lair:3   | 8593 ||| Stepping ~*~*~tactically~*~*~ (outnumbered).
  8594 | Lair:3   | 8594 ||| Stepping ~*~*~tactically~*~*~ (outnumbered).
  8595 | Lair:3   | 8595 ||| Stepping ~*~*~tactically~*~*~ (outnumbered).
  8596 | Lair:3   | 8596 ||| Stepping ~*~*~tactically~*~*~ (outnumbered).
  8597 | Lair:3   | 8597 ||| Stepping ~*~*~tactically~*~*~ (outnumbered).
  8605 | Lair:3   | Reached skill level 17 in Unarmed Combat
  8787 | Lair:3   | Noticed Rupert
  8788 | Lair:3   | 8788 ||| INVOKING Fiery Armour.
  8804 | Lair:3   | Killed Rupert
  8805 | Lair:3   | Reached XP level 12. HP: 67/118 MP: 12/12
  8914 | Lair:3   | 8914 ||| FLEEEEING.
  8915 | Lair:3   | 8915 ||| FLEEEEING.
  8916 | Lair:3   | 8916 ||| FLEEEEING.
  8917 | Lair:3   | 8917 ||| FLEEEEING.
  8918 | Lair:3   | 8918 ||| FLEEEEING.
  8919 | Lair:3   | 8919 ||| FLEEEEING.
  8965 | Lair:3   | 8965 ||| FLEEEEING.
  8966 | Lair:3   | 8966 ||| FLEEEEING.
  8967 | Lair:3   | 8967 ||| FLEEEEING.
  8968 | Lair:3   | 8968 ||| FLEEEEING.
  8969 | Lair:3   | 8969 ||| FLEEEEING.
  9019 | Lair:3   | 9019 ||| Stepping ~*~*~tactically~*~*~ (stealth).
  9027 | Lair:3   | 9027 ||| Stepping ~*~*~tactically~*~*~ (outnumbered).
  9031 | Lair:3   | Noticed Kirke
  9032 | Lair:3   | 9032 ||| INVOKING Fiery Armour.
  9038 | Lair:3   | 9038 ||| Stepping ~*~*~tactically~*~*~ (outnumbered).
  9040 | Lair:3   | 9040 ||| Stepping ~*~*~tactically~*~*~ (outnumbered).
  9044 | Lair:3   | HP: 25/118 [merfolk/+0 trident (13)]
  9045 | Lair:3   | 9045 ||| READING 2 scrolls of teleportation.
  9046 | Lair:3   | 9046 ||| DRINKING 3 potions of heal wounds.
  9046 | Lair:3   | Killed Kirke
  9047 | Lair:3   | Reached skill level 18 in Unarmed Combat
  9128 | Lair:3   | Noticed an eight-headed hydra
  9133 | Lair:3   | Killed a ten-headed hydra
  9194 | Lair:3   | 9194 ||| Stepping ~*~*~tactically~*~*~ (stealth).
  9195 | Lair:3   | 9195 ||| Stepping ~*~*~tactically~*~*~ (stealth).
  9287 | Lair:3   | 9287 ||| Stepping ~*~*~tactically~*~*~ (stealth).
  9288 | Lair:3   | 9288 ||| Stepping ~*~*~tactically~*~*~ (stealth).
  9289 | Lair:3   | 9289 ||| Stepping ~*~*~tactically~*~*~ (stealth).
  9290 | Lair:3   | 9290 ||| Stepping ~*~*~tactically~*~*~ (stealth).
  9334 | Lair:3   | 9334 ||| FLEEEEING.
  9335 | Lair:3   | 9335 ||| FLEEEEING.
  9336 | Lair:3   | 9336 ||| FLEEEEING.
  9357 | Lair:3   | 9357 ||| FLEEEEING.
  9358 | Lair:3   | 9358 ||| FLEEEEING.
  9359 | Lair:3   | 9359 ||| FLEEEEING.
  9360 | Lair:3   | 9360 ||| FLEEEEING.
  9381 | Lair:3   | 9381 ||| Stepping ~*~*~tactically~*~*~ (outnumbered).
  9383 | Lair:3   | 9383 ||| Stepping ~*~*~tactically~*~*~ (outnumbered).
  9384 | Lair:3   | 9384 ||| FLEEEEING.
  9385 | Lair:3   | 9385 ||| FLEEEEING.
  9387 | Lair:3   | 9387 ||| FLEEEEING.
  9388 | Lair:3   | 9388 ||| Stepping ~*~*~tactically~*~*~ (stealth).
  9389 | Lair:3   | 9389 ||| FLEEEEING.
  9390 | Lair:3   | 9390 ||| FLEEEEING.
  9391 | Lair:3   | 9391 ||| FLEEEEING.
  9394 | Lair:3   | 9394 ||| FLEEEEING.
  9396 | Lair:3   | 9396 ||| FLEEEEING.
  9404 | Lair:3   | 9404 ||| FLEEEEING.
  9405 | Lair:3   | 9405 ||| FLEEEEING.
  9406 | Lair:3   | 9406 ||| FLEEEEING.
  9408 | Lair:3   | 9408 ||| FLEEEEING.
  9410 | Lair:3   | 9410 ||| FLEEEEING.
  9412 | Lair:3   | 9412 ||| FLEEEEING.
  9414 | Lair:3   | 9414 ||| FLEEEEING.
  9416 | Lair:3   | 9416 ||| FLEEEEING.
  9418 | Lair:3   | 9418 ||| FLEEEEING.
  9419 | Lair:3   | 9419 ||| FLEEEEING.
  9420 | Lair:3   | 9420 ||| FLEEEEING.
  9421 | Lair:3   | 9421 ||| FLEEEEING.
  9422 | Lair:3   | 9422 ||| FLEEEEING.
  9423 | Lair:3   | 9423 ||| FLEEEEING.
  9424 | Lair:3   | 9424 ||| FLEEEEING.
  9426 | Lair:3   | 9426 ||| FLEEEEING.
  9428 | Lair:3   | 9428 ||| FLEEEEING.
  9430 | Lair:3   | 9430 ||| FLEEEEING.
  9432 | Lair:3   | 9432 ||| FLEEEEING.
  9434 | Lair:3   | 9434 ||| FLEEEEING.
  9436 | Lair:3   | 9436 ||| FLEEEEING.
  9437 | Lair:3   | 9437 ||| FLEEEEING.
  9438 | Lair:3   | 9438 ||| FLEEEEING.
  9439 | Lair:3   | 9439 ||| FLEEEEING.
  9440 | Lair:3   | 9440 ||| FLEEEEING.
  9442 | Lair:3   | 9442 ||| FLEEEEING.
  9444 | Lair:3   | 9444 ||| FLEEEEING.
  9446 | Lair:3   | 9446 ||| FLEEEEING.
  9448 | Lair:3   | 9448 ||| FLEEEEING.
  9449 | Lair:3   | 9449 ||| FLEEEEING.
  9450 | Lair:3   | 9450 ||| FLEEEEING.
  9451 | Lair:3   | 9451 ||| FLEEEEING.
  9452 | Lair:3   | 9452 ||| FLEEEEING.
  9453 | Lair:3   | 9453 ||| FLEEEEING.
  9454 | Lair:3   | 9454 ||| FLEEEEING.
  9456 | Lair:3   | 9456 ||| FLEEEEING.
  9458 | Lair:3   | 9458 ||| FLEEEEING.
  9460 | Lair:3   | 9460 ||| FLEEEEING.
  9462 | Lair:3   | 9462 ||| FLEEEEING.
  9463 | Lair:3   | 9463 ||| FLEEEEING.
  9464 | Lair:3   | 9464 ||| FLEEEEING.
  9466 | Lair:3   | 9466 ||| FLEEEEING.
  9468 | Lair:3   | 9468 ||| FLEEEEING.
  9469 | Lair:3   | 9469 ||| FLEEEEING.
  9470 | Lair:3   | 9470 ||| FLEEEEING.
  9471 | Lair:3   | 9471 ||| FLEEEEING.
  9472 | Lair:3   | 9472 ||| FLEEEEING.
  9473 | Lair:3   | 9473 ||| FLEEEEING.
  9474 | Lair:3   | 9474 ||| FLEEEEING.
  9476 | Lair:3   | 9476 ||| FLEEEEING.
  9478 | Lair:3   | 9478 ||| FLEEEEING.
  9479 | Lair:3   | 9479 ||| FLEEEEING.
  9480 | Lair:3   | 9480 ||| FLEEEEING.
  9481 | Lair:3   | 9481 ||| FLEEEEING.
  9482 | Lair:3   | 9482 ||| FLEEEEING.
  9484 | Lair:3   | 9484 ||| FLEEEEING.
  9486 | Lair:3   | 9486 ||| FLEEEEING.
  9486 | Lair:3   | HP: 29/119 [electric eel/bolt of electricity (8)]
  9487 | Lair:3   | 9487 ||| FLEEEEING.
  9488 | Lair:3   | 9488 ||| FLEEEEING.
  9490 | Lair:3   | 9490 ||| FLEEEEING.
  9492 | Lair:3   | 9492 ||| FLEEEEING.
  9492 | Lair:3   | HP: 19/119 [electric eel/bolt of electricity (9)]
  9493 | Lair:3   | 9493 ||| FLEEEEING.
  9494 | Lair:3   | 9494 ||| FLEEEEING.
  9668 | Lair:3   | 9668 ||| FLEEEEING.
  9669 | Lair:3   | 9669 ||| FLEEEEING.
  9670 | Lair:3   | 9670 ||| FLEEEEING.
  9672 | Lair:3   | 9672 ||| FLEEEEING.
  9728 | Lair:3   | 9728 ||| FLEEEEING.
  9746 | Lair:3   | 9746 ||| FLEEEEING.
  9747 | Lair:3   | 9747 ||| FLEEEEING.
  9783 | Lair:3   | 9783 ||| FLEEEEING.
  9784 | Lair:3   | 9784 ||| FLEEEEING.
  9785 | Lair:3   | 9785 ||| FLEEEEING.
  9787 | Lair:3   | 9787 ||| FLEEEEING.
  9831 | Lair:3   | 9831 ||| FLEEEEING.
  9832 | Lair:3   | 9832 ||| FLEEEEING.
  9834 | Lair:3   | 9834 ||| FLEEEEING.
  9858 | Lair:3   | 9858 ||| Stepping ~*~*~tactically~*~*~ (hiding).
  9859 | Lair:3   | 9859 ||| Stepping ~*~*~tactically~*~*~ (hiding).
  9958 | Lair:3   | 9958 ||| FLEEEEING.
 10008 | Lair:3   | 10008 ||| FLEEEEING.
 10009 | Lair:3   | 10009 ||| FLEEEEING.
 10010 | Lair:3   | 10010 ||| FLEEEEING.
 10011 | Lair:3   | 10011 ||| FLEEEEING.
 10020 | Lair:3   | 10020 ||| FLEEEEING.
 10021 | Lair:3   | 10021 ||| FLEEEEING.
 10022 | Lair:3   | 10022 ||| FLEEEEING.
 10023 | Lair:3   | 10023 ||| FLEEEEING.
 10024 | Lair:3   | 10024 ||| FLEEEEING.
 10109 | Lair:3   | Found a staircase to the Shoals.
 10200 | Lair:3   | 10200 ||| DRINKING 2 emerald potions.
 10201 | Lair:3   | 10201 ||| DROPPING potion of brilliance.
 10224 | Lair:4   | 10224 ||| INVOKING Fiery Armour.
 10225 | Lair:4   | 10225 ||| STAIRDANCE
 10235 | Lair:3   | Reached skill level 3 in Armour
 10247 | Lair:4   | 10247 ||| STAIRDANCE
 10249 | Lair:3   | 10249 ||| Stepping ~*~*~tactically~*~*~ (outnumbered).
 10250 | Lair:3   | 10250 ||| Stepping ~*~*~tactically~*~*~ (outnumbered).
 10251 | Lair:3   | 10251 ||| Stepping ~*~*~tactically~*~*~ (outnumbered).
 10252 | Lair:3   | 10252 ||| Stepping ~*~*~tactically~*~*~ (outnumbered).
 10256 | Lair:3   | 10256 ||| Stepping ~*~*~tactically~*~*~ (outnumbered).
 10258 | Lair:3   | 10258 ||| Stepping ~*~*~tactically~*~*~ (outnumbered).
 10261 | Lair:3   | 10261 ||| Stepping ~*~*~tactically~*~*~ (outnumbered).
 10464 | Lair:4   | Noticed Snorg
 10465 | Lair:4   | 10465 ||| FLEEEEING.
 10467 | Lair:4   | 10467 ||| FLEEEEING.
 10468 | Lair:4   | 10468 ||| FLEEEEING.
 10475 | Lair:4   | 10475 ||| INVOKING Fiery Armour.
 10487 | Lair:4   | Killed Snorg
 10488 | Lair:4   | Reached skill level 19 in Unarmed Combat
 10490 | Lair:4   | 10490 ||| FLEEEEING.
 10491 | Lair:4   | 10491 ||| FLEEEEING.
 10492 | Lair:4   | 10492 ||| FLEEEEING.
 10494 | Lair:4   | 10494 ||| FLEEEEING.
 10495 | Lair:4   | 10495 ||| FLEEEEING.
 10496 | Lair:4   | 10496 ||| FLEEEEING.
 10497 | Lair:4   | 10497 ||| FLEEEEING.
 10498 | Lair:4   | 10498 ||| FLEEEEING.
 10499 | Lair:4   | 10499 ||| FLEEEEING.
 10503 | Lair:4   | 10503 ||| FLEEEEING.
 10504 | Lair:4   | 10504 ||| STAIRDANCE
 10506 | Lair:3   | 10506 ||| PLANNING CONVERSION TO OKAWARU
 10770 | D:3      | Fell from the grace of Ignis
 10770 | D:3      | Became a worshipper of Warmaster Okawaru
 10771 | D:3      | 10771 ||| PLANNING LAIR
 10982 | Lair:4   | 10982 ||| Stepping ~*~*~tactically~*~*~ (stealth).
 10992 | Lair:4   | Noticed an ice dragon
 10999 | Lair:4   | Noticed a seven-headed hydra
 11003 | Lair:4   | Killed an ice dragon
 11008 | Lair:4   | 11008 ||| Stepping ~*~*~tactically~*~*~ (outnumbered).
 11010 | Lair:4   | 11010 ||| Stepping ~*~*~tactically~*~*~ (outnumbered).
 11011 | Lair:4   | 11011 ||| Stepping ~*~*~tactically~*~*~ (outnumbered).
 11017 | Lair:4   | 11017 ||| Stepping ~*~*~tactically~*~*~ (outnumbered).
 11018 | Lair:4   | HP: 27/120 [ten-headed hydra (12)]
 11019 | Lair:4   | 11019 ||| READING scroll of teleportation.
 11019 | Lair:4   | HP: 2/120 [ten-headed hydra (12)]
 11020 | Lair:4   | 11020 ||| DRINKING 2 potions of heal wounds.
 11020 | Lair:4   | Mangled by a ten-headed hydra

Levels and vault maps discovered:
D:1:      wander_arrival_desolate, layout_rooms
D:2:      layout_loops_ring, serial_shops, nicolae_shop_crystal
D:3:      layout_basic, mainiacjoe_overflow_alcove_2,
          lemuel_coloured_pillars_altar, nicolae_overflow_two_pavilions,
          serial_shops, shop
D:4:      layout_rooms, mainiacjoe_overflow_tiny_flanked,
          ebering_ghost_inner_flame, uniq_sigmund, uniq_natasha
D:5:      layout_loops_ring, nicolae_sif_muna_condensation, zin_angel,
          grunt_decor_arrowhead, uniq_pikel, uniq_duvessa
D:6:      layout_gridville, minmay_temple_entry_poolview
D:7:      layout_layer_cave, gammafunk_ghost_icy, enter_bailey_5,
          bh_walls_and_bars
D:8:      layout_loops_ring, lemuel_mausoleum_altar_kikubaaqudgha,
          hangedman_decor_clover_reticule, uniq_maggie
D:9:      layout_cave_pools, mainiacjoe_overflow_small_starburst,
          david_lair_generic, grunt_ministairs_11,
          hangedman_abyss_or_decor_stabs
Lair:1:   layout_hall_layers
Lair:2:   layout_small_grid, guppyfry_snake_entry_garden, basic_altar
Lair:3:   layout_gridlike, elwin_shoals_entry_stream,
          nicolae_lair_liquid_snakes, uniq_kirke, uniq_rupert, uniq_amaemon
Lair:4:   layout_loops_ring, dpeg_slime_entry_enclosed, bobbens_ice_dragon_lair,
          lemuel_fruit_tree, uniq_snorg

Skill      XL: |  1  2  3  4  5  6  7  8  9 10 11 12 |
---------------+-------------------------------------+-----
Unarmed Combat | 4 5 6 8 10 11 13 15 17 19 | 19.0
Fighting       | 3 4 5 6 7 8 |  8.3
Dodging        | 1 |  1.3
Throwing       | 1 2 |  2.1
Armour         | 1 2 3 |  3.2
Spellcasting   | |  1.0
Fire Magic     | |  2.1

Action                   |  1- 3 |  4- 6 |  7- 9 | 10-12 || total
-------------------------+-------+-------+-------+-------++-------
Melee: Unarmed           |   102 |   125 |   217 |   536 ||   980
       Punch             |       |     3 |    16 |    28 ||    47
Throw: Boomerang         |       |       |     5 |   124 ||   129
Invok: Fiery Armour      |       |     1 |     4 |     7 ||    12
  Use: Scroll            |     1 |     3 |     5 |    10 ||    19
       Potion            |       |       |     2 |     5 ||     7
Armor: Robe              |    29 |    72 |    51 |    16 ||   168
       Steam dragon scal |       |       |       |   196 ||   196
Dodge: Dodged            |    35 |    54 |    70 |   288 ||   447
Block: Other             |       |     5 |    38 |    94 ||   137
       Reflection        |       |       |     3 |     3 ||     6

Table legend:
 A = Non-vault XP
 B = Vault XP
 C = Vault XP percentage of total XP
 D = Non-vault monster count
 E = Vault monster count
 F = Vault count percentage of total count
                 A         B        C        D         E       F
            +---------+---------+-------+---------+---------+-------
      Total |   26260 |   10979 |  29.5 |     276 |      49 |  15.1
            +---------+---------+-------+---------+---------+-------
        D:1 |      55 |       0 |   0.0 |      28 |       0 |   0.0
        D:2 |      81 |       0 |   0.0 |      21 |       0 |   0.0
        D:3 |     154 |       0 |   0.0 |      23 |       0 |   0.0
        D:4 |     509 |     258 |  33.6 |      15 |       2 |  11.8
        D:5 |     825 |     862 |  51.1 |      19 |       3 |  13.6
        D:6 |     758 |       0 |   0.0 |      16 |       0 |   0.0
        D:7 |     718 |       7 |   1.0 |      13 |       4 |  23.5
        D:8 |     905 |    1100 |  54.9 |      28 |      13 |  31.7
        D:9 |    3064 |    1197 |  28.1 |      36 |       5 |  12.2
     Lair:1 |    3222 |       0 |   0.0 |      16 |       0 |   0.0
     Lair:2 |    4665 |     335 |   6.7 |      17 |       2 |  10.5
     Lair:3 |    7415 |    5389 |  42.1 |      30 |      15 |  33.3
     Lair:4 |    3889 |    1831 |  32.0 |      14 |       5 |  26.3
            +---------+---------+-------+---------+---------+-------
